 Dungeon Crawl Stone Soup version 0.21-a0-125-gb006224 (webtiles) character file.

400 namelastname112 the Magician (level 6, 0/51 HPs)
             Began as a Draconian Wizard on July 15, 2017.
             Was an Initiate of Sif Muna.
             Killed from afar by an orc wizard (8 damage)
             ... with a magic dart
             ... on level 4 of the Dungeon.
             The game lasted 00:06:58 (3782 turns).

namelastname112 the Magician (Draconian Wizard)     Turns: 3782, Time: 00:06:59

Health: 0/51       AC:  8    Str: 10    XL:     6   Next: 54%
Magic:  2/12       EV: 13    Int: 25    God:    Sif Muna [......]
Gold:   222        SH:  0    Dex:  9    Spells: 9/13 levels left

rFire    + . .     SeeInvis .   d - +0 dagger
rCold    . . .     Gourm    .   (no shield)
rNeg     . . .     Faith    .   (armour unavailable)
rPois    .         Spirit   .   a - +0 hat
rElec    .         Reflect  .   (no cloak)
rCorr    .         Harm     .   i - +0 pair of gloves
MR       .....                  D - +0 pair of boots
Stlth    +.........             (no amulet)
HPRegen  0.17/turn              w - ring of protection from fire
MPRegen  0.13/turn              B - ring of loudness (curse)

@: brilliant, slowed, very slow
A: unfitting armour, cold-blooded, AC +6
a: Renounce Religion


You were on level 4 of the Dungeon.
You worshipped Sif Muna.
Sif Muna was noncommittal.
You were not hungry.

You visited 2 branches of the dungeon, and saw 6 of its levels.

You collected 222 gold pieces.

Inventory:

Hand Weapons
 d - a +0 dagger (weapon)
Armour
 a - a +0 hat (worn)
 i - a +0 pair of gloves (worn)
 D - a +0 pair of boots (worn)
Jewellery
 w - a ring of protection from fire (left hand)
 y - an uncursed ring of flight
 B - a cursed ring of loudness (right hand)
 G - an uncursed ring of see invisible
Scrolls
 f - a scroll of fog {unknown}
 g - 2 scrolls of teleportation
 j - a scroll of enchant weapon {unknown}
 l - 2 scrolls of amnesia {unknown}
 m - 4 scrolls of immolation {unknown}
 t - 4 scrolls of remove curse {unknown}
 v - 3 scrolls of identify {unknown}
 C - 2 scrolls of recharging {unknown}
 E - a scroll of fear {unknown}
 F - a scroll of blinking {unknown}
Potions
 e - a potion of ambrosia {unknown}
 h - 2 potions of resistance {unknown}
 k - a potion of curing
 p - 2 potions of brilliance
 q - a potion of haste {unknown}
 s - a potion of berserk rage {unknown}
 u - a potion of flight {unknown}
 x - a potion of heal wounds {unknown}
 z - 2 potions of lignification {unknown}
 A - a potion of degeneration {unknown}
 H - 2 potions of invisibility
Books
 b - a book of Minor Magic

   Spells                             Type                      Level
   a - Magic Dart                     Conjuration                  1
   b - Blink                          Translocation                2
   c - Call Imp                       Summoning                    2
   d - Slow                           Hexes                        2
   e - Conjure Flame                  Conjuration/Fire             3
   f - Mephitic Cloud                 Conjuration/Poison/Air       3
Comestibles
 c - 2 bread rations
 n - 2 fruits
 o - 2 royal jellies
 r - a meat ration


   Skills:
 + Level 3.1 Fighting
 + Level 3.5 Dodging
 - Level 1.7 Stealth
 + Level 4.2 Spellcasting
 + Level 3.6 Conjurations
   Level 1.0 Summonings
   Level 1.0 Translocations


You had 9 spell levels left.
You knew the following spells:

 Your Spells              Type           Power        Failure   Level  Hunger
x - Conjure Flame         Conj/Fire      ####....     1%          3    ##.....
z - Magic Dart            Conj           ####         1%          1    None


Dungeon Overview and Level Annotations

Branches:
Dungeon (5/15)             Temple (1/1) D:4

Altars:
Ashenzari
Cheibriados
Elyvilon
Fedhas
Gozag
Makhleb
Nemelex Xobeh
Qazlal
Sif Muna
Wu Jian
Zin
The Shining One

Annotations:
D:5 Edmund, Eustachio


Innate Abilities, Weirdness & Mutations

Your plain brown scales are hard. (AC +6)
You cannot fit into any form of body armour.
You are cold-blooded and may be slowed by cold attacks.


Message History

* * * LOW HITPOINT WARNING * * *
The orc hits you but does no damage.
You take 4 damage, and have 4/51 hp.
Unknown command.
You feel better. The orc hits you but does no damage. x2
You regained 5 hp, and now have 9/51 hp.
Casting: Magic Dart
Confirm with . or Enter, or press ? or * to list all spells.
Aiming: Magic Dart
Press: ? - help, Shift-Dir - straight line, f/p - orc
Aim: an orc, wielding a hand axe and wearing a ring mail (lightly wounded)
The magic dart hits the orc.
The orc is heavily wounded.
The orc wizard gestures at you while chanting.
The magic dart hits you!
* * * LOW HITPOINT WARNING * * *
The orc barely misses you. The orc misses you.
The orc wizard gestures at you while chanting.
The magic dart hits you!
You die...

#."## #................. ##..#
#................. ##.##
##................ # ##.#######
##............... #### #..#....##
#............... ...####.......##
##.............# ....#
##[......## ##..........#..
....###.>)......## ##............
...###..........@## ##........###
...............ooo###......######
.................o..)..#########.
........................####.....
.#####..........###..............
## #..........## ###............
##.......### ###..........
######.## ##......... ##.#
##........


You could see an orc wizard and 3 orcs.

Vanquished Creatures
  2 howler monkeys
  3 hounds
  A bullfrog skeleton (D:4)
  An orc priest (D:4)
  An orc wizard (D:4)
  Terence (D:3)
  3 adders
  An ooze (D:1)
  A worm (D:2)
  2 dart slugs
  3 leopard geckos
  4 orcs
  A ball python (D:3)
  A giant cockroach (D:4)
  10 goblins
  13 hobgoblins
  2 jackals (D:4)
  A quokka (D:2)
  10 bats
  3 frilled lizards
  A jackal skeleton (D:5)
  12 kobolds
  A quokka skeleton (D:5)
  2 rats
80 creatures vanquished.

Notes
Turn   | Place    | Note
-------+----------+-------------------------------------------
     0 | D:1      | namelastname112 the Draconian Wizard began the quest for the Orb.
     0 | D:1      | Reached XP level 1. HP: 14/14 MP: 4/4
   146 | D:1      | Reached XP level 2. HP: 12/20 MP: 0/6
   403 | D:1      | Reached XP level 3. HP: 27/27 MP: 2/7
   594 | D:2      | Reached skill level 1 in Fighting
   642 | D:2      | Learned a level 3 spell: Conjure Flame
  1004 | D:2      | Reached XP level 4. HP: 29/35 MP: 1/9
  1548 | D:3      | Found a faded altar of an unknown god.
  1711 | D:3      | Noticed Terence
  1742 | D:3      | Killed Terence
  2144 | D:3      | Reached XP level 5. HP: 41/41 MP: 8/10
  2462 | D:4      | Found a staircase to the Ecumenical Temple.
  2471 | Temple   | Entered the Ecumenical Temple
  2557 | Temple   | Became a worshipper of Sif Muna the Loreminder
  2801 | D:4      | Reached skill level 4 in Spellcasting
  2927 | D:4      | Reached XP level 6. HP: 50/50 MP: 4/12
  3149 | D:5      | Entered Level 5 of the Dungeon
  3161 | D:5      | Noticed Eustachio
  3339 | D:5      | Noticed Edmund
  3782 | D:4      | Killed from afar by an orc wizard

Vault maps used:
D:1:      saegor_arrival_simple_f
D:3:      first_bread, chequers_ecumenical_altar_simple_redux, uniq_terence
D:4:      temple_pool_b
D:5:      uniq_duvessa, uniq_edmund, uniq_eustachio
Temple:   nicolae_temple_hex_pool

Skill      XL: |  1  2  3  4  5  6 |
---------------+-------------------+-----
Conjurations   | 2 3 |  3.6
Dodging        | 2 3 |  3.5
Fighting       | 1 2 3 |  3.1
Spellcasting   | 4 |  4.2
Stealth        | |  1.7
Summonings     | |  1.0
Translocations | |  1.0

Action                   |  1- 3 |  4- 6 || total
-------------------------+-------+-------++-------
Melee: Dagger            |    66 |    49 ||   115
       Tailslap          |     6 |     3 ||     9
 Cast: Magic Dart        |    71 |   148 ||   219
       Conjure Flame     |       |     1 ||     1
  Use: Potion            |       |     3 ||     3
       Scroll            |       |     1 ||     1
 Stab: Sleeping          |     2 |       ||     2
  Eat: Chunk             |       |     9 ||     9
Armor: Skin              |    18 |    38 ||    56
Dodge: Dodged            |    46 |    94 ||   140
